AoeStats
← VIT Liereyy

Arabian Desert

508876521Analyzed
1v1 RM · 8d ago on Sep 24, 2026· 28m 29s· 2 players
Game mode
Random Map
Map size
Tiny (2 player)
Population
200
Speed
Normal
Resources
Standard
Victory
Conquest
Starting age
Dark Age
Ending age
Imperial Age
RankedLock teamsTeams togetherTeam positionsShared explorationLock speedFull tech treeHidden civsTurbo modeCheats
Victory
Defeat
🇦🇹 Khmer · Austria
2890
+12
🇷🇴 Teutons · Romania
2799
-12
TAG_Mihai06
6:39 Loom
9:16 Feudal Age
9:36 Man-at-Arms
10:58 Arson
12:09 Double-Bit Axe
15:41 Scale Barding Armor
20:19 Forging
21:11 Bloodlines
VIT Liereyy
6:35 Loom
8:45 Feudal Age
9:26 Double-Bit Axe
12:00 Fletching
14:54 Padded Archer Armor
20:52 Castle Age
19:40 Horse Collar
20:54 Crossbowman
21:34 Bodkin Arrow
21:50 Bow Saw
22:55 Town Watch
24:48 Leather Archer Armor
27:59 Ballistics
28:17 Wheelbarrow
27:52 Husbandry
Connection lost

Rejoining the realm…

Still unreachable

The connection could not be restored.

Session expired

The server has moved on; the page needs a fresh start.